 Dungeon Crawl Stone Soup version 0.30-a0-867-g305f33218d (webtiles) character file.

Game seed: 1930743372381719466

95006 bobo the Fighter (level 16, 0/131 HPs)
             Began as a Human Fire Elementalist on Mar 11, 2023.
             Was a High Priest of Vehumet.
             Killed from afar by an eleionoma (23 damage)
             ... with a spray of wooden splinters
             ... on level 3 of the Swamp.
             The game lasted 02:11:01 (32364 turns).

bobo the Fighter (Human Fire Elementalist)         Turns: 32364, Time: 02:11:02

Health: 0/131      AC: 16    Str: 10    XL:     16   Next: 62%
Magic:  1/31       EV: 15    Int: 23    God:    Vehumet [*****.]
Gold:   1950       SH: 25    Dex: 21    Spells: 1/38 levels left

rFire   + + .      SeeInvis +    s - staff of fire
rCold   . . .      Faith    .    h - +5 kite shield
rNeg    . . .      Spirit   .    a - +2 robe {rF+}
rPois   .          Reflect  +    l - +2 helmet {SInv}
rElec   .          Rampage  +    F - +1 cloak {Will+}
rCorr   .                        t - +0 pair of gloves {infuse}
Will    ++...                    L - +1 pair of boots {rampage}
Stlth   ++++++                   M - amulet of reflection
HPRegen 0.41/turn                g - +4 ring of protection
MPRegen 0.22/turn                D - +6 ring of dexterity

@: no status effects
A: large bone plates 1, thin skeletal structure 1
a: Renounce Religion


You were on level 3 of the Swamp.
You worshipped Vehumet.
Vehumet was extremely pleased with you.
You visited 5 branches of the dungeon, and saw 26 of its levels.
You visited the Abyss 1 time.
You also visited: Sewer, Ossuary, Gauntlet and Volcano.

You collected 2040 gold pieces.
You spent 90 gold pieces at shops.

Inventory:

Hand Weapons
 G - the +10 long sword "Ogreslayer" {speed, rPois}
   (You took it off a minotaur in a Gauntlet)

   rPois:     It protects you from poison.
 O - the +10 falchion "Hell-Harrower" {freeze, Drain rF+ Will- Str+2 Dex+3}
   (You found it in a Gauntlet)

   Str:       It affects your strength (+2).
   Dex:       It affects your dexterity (+3).
   rF:        It protects you from fire.
   Drain:     It drains your maximum health when unequipped.
   Will:      It decreases your willpower.
Armour
 a - a +2 robe of fire resistance (worn)
 h - a +5 kite shield (worn)
 l - a +2 helmet of see invisible (worn)
 t - a +0 pair of gloves of infusion (worn)
 F - a +1 cloak of willpower (worn)
 L - a +1 pair of boots of rampaging (worn)
 R - a +0 troll leather armour
Magical Staves
 s - a staff of fire (weapon)
Jewellery
 g - a +4 ring of protection (left hand)
 y - a ring of protection from fire
 D - a +6 ring of dexterity (right hand)
 J - a ring of poison resistance
 M - an amulet of reflection (around neck)
 N - the ring of Vunnuasi {Fire Str+5}
   (You found it in a Gauntlet)

   [ring of fire]

   It enhances your fire magic.
   Str:       It affects your strength (+5).
   rF:        It protects you from fire.
   rC:        It makes you vulnerable to cold.
 T - a ring of protection from cold
Wands
 j - a wand of acid (9)
 o - a wand of roots (42)
 q - a wand of flame (45)
 x - a wand of mindburst (12)
 I - a wand of paralysis (11)
 K - a wand of polymorph (13)
 Q - a wand of digging (12)
Scrolls
 b - 3 scrolls of fog
 c - 4 scrolls of teleportation
 e - a scroll of fear
 f - 2 scrolls of blinking
 m - a scroll of amnesia
 w - 4 scrolls of immolation
 A - 6 scrolls of poison
 P - 7 scrolls of identify
 S - a scroll of magic mapping
Potions
 d - 3 potions of invisibility
 i - 6 potions of heal wounds
 k - 14 potions of curing
 n - 5 potions of flight
 p - 3 potions of lignification
 r - 4 potions of brilliance
 u - a potion of ambrosia
 v - 5 potions of mutation
 z - 4 potions of cancellation
 C - 2 potions of haste
 H - 7 potions of might
 U - a potion of resistance


   Skills:
 + Level 13.2 Fighting
 - Level 2.5 Staves
 - Level 6.5 Dodging
 + Level 10.7 Stealth
 - Level 6.1 Shields
 + Level 11.8 Spellcasting
 + Level 12.1 Conjurations
 - Level 2.0 Hexes
 - Level 4.0 Translocations
 - Level 10.0 Fire Magic
 - Level 5.5 Earth Magic
 - Level 6.1 Evocations


You had one spell level left.
You knew the following spells:

 Your Spells              Type           Power      Damage    Failure   Level
a - Foxfire               Conj/Fire      100%       2x1d9     1%          1
c - Iskenderun's Battles  Conj           62%        2d11      1%          5
d - Sticky Flame          Conj/Fire      77%        2d9       1%          4
e - Inner Flame           Hex/Fire       58%        N/A       1%          3
i - Irradiate             Conj/Tmut      20%        3d18      8%          5
j - Mephitic Cloud        Conj/Pois/Air  32%        N/A       1%          3
k - Ignite Poison         Fire/Tmut/Pois 43%        N/A       2%          3
o - Blink                 Tloc           64%        N/A       3%          2
p - Passwall              Tmut/Erth      21%        N/A       6%          2
s - Scorch                Fire           100%       2d10      1%          2
w - Flame Wave            Conj/Fire      77%        2d17      1%          4
z - Stone Arrow           Conj/Erth      100%       3d13      1%          3

Your spell library contained the following spells:

 Spells                   Type           Power      Damage    Failure   Level
 Starburst                Conj/Fire      38%        6d11      5%          6
 Magic Dart               Conj           100%       1d8       1%          1
 Sandblast                Erth           76%        2d16      1%          1
 Shock                    Conj/Air       100%       1d9       1%          1
 Slow                     Hex            88%        N/A       5%          1
 Beastly Appendage        Tmut           26%        N/A       13%         1
 Momentum Strike          Conj/Tloc      100%       3d10      1%          2
 Searing Ray              Conj           100%       2d8       1%          2
 Dazzling Flash           Conj/Hex       92%        N/A       1%          3
 Kindle Blastsparks       Fire/Tloc/Air  100%       2d18      1%          3
 Lesser Beckoning         Tloc           64%        N/A       3%          2
 Gell's Gravitas          Tloc           32%        N/A       7%          3
 Teleport Other           Tloc           32%        N/A       7%          3
 Confusing Touch          Hex            22%        N/A       17%         3
 Tukima's Dance           Hex            22%        N/A       17%         3
 Call Imp                 Summ           13%        N/A       19%         2
 Sublimation of Blood     Necr           13%        N/A       19%         2
 Wereblood                Tmut           13%        N/A       19%         2
 Orb of Destruction       Conj           31%        9d10      19%         7
 Passage of Golubria      Tloc           32%        N/A       24%         4
 Summon Guardian Golem    Hex/Summ       18%        N/A       26%         3
 Airstrike                Air            6%         2d(1-17)  30%         4
 Spider Form              Tmut/Pois      13%        N/A       36%         3
 Swiftness                Air            13%        N/A       36%         3
 Vampiric Draining        Necr           13%        2d6       36%         3
 Yara's Violent Unravell  Hex/Tmut       9%         3d6       50%         5
 Spellforged Servitor     Conj/Summ      20%        N/A       88%         7
 Silence                  Hex/Air        9%         N/A       93%         5
 Agony                    Necr           13%        N/A       98%         5
 Dispersal                Tloc           16%        N/A       98%         6
 Summon Hydra             Summ           6%         N/A       100%        7
 Borgnjor's Revivificati  Necr           6%         N/A       100%        8
 Necromutation            Tmut/Necr      6%         N/A       100%        8
 Death's Door             Necr           6%         N/A       100%        9


Dungeon Overview and Level Annotations

Branches:
Dungeon (15/15)            Temple (1/1) D:5            Lair (5/5) D:8
  Swamp (3/4) Lair:3       Spider (0/4) Lair:3        Slime (0/5) Lair:4
    Orc (2/2) D:11         Vaults (0/5) D:13          Sewer (visited)
Ossuary (visited)         Volcano (visited)         Gauntlet (visited)
    Elf: Orc:2       Depths: D:15

Altars:
Ashenzari
Cheibriados
Dithmenos
Elyvilon
Fedhas
Gozag
Hepliaklqana
Kikubaaqudgha
Makhleb
Nemelex Xobeh
Okawaru
Qazlal
Ru
Sif Muna
Trog
Uskayaw
Vehumet
Wu Jian
Xom
Yredelemnul
Zin
The Shining One

Shops:
D:14 =   Orc:2 !(

Portals:
Trove: D:10 (give 15 potions of curing)

Annotations:
D:12 2 runed translucent doors


Innate Abilities, Weirdness & Mutations

You are partially covered in large bone plates. (SH +4)
You have a somewhat thin skeletal structure. (Dex +2, Stealth+)


Message History

You feel much better. You block the eleionoma's attack.
You hit the eleionoma. You burn the eleionoma.
The eleionoma is severely wounded.
You block the eleionoma's attack.
You hit the eleionoma. You burn the eleionoma!
The eleionoma is severely wounded.
The eleionoma hurls a spray of splinters at you.
The spray of wooden splinters hits you!
You hit the eleionoma.
The eleionoma is almost dead.
The eleionoma hurls a spray of splinters at you.
The spray of wooden splinters misses you.
You closely miss the eleionoma.
The eleionoma is almost dead.
The eleionoma hurls a spray of splinters at you.
The spray of wooden splinters hits you.
The eleionoma hurls a spray of splinters at you.
The spray of wooden splinters hits you!
You hit the eleionoma.
The eleionoma is almost dead.
A swamp drake comes into view.
The eleionoma hurls a spray of splinters at you.
The spray of wooden splinters hits you!
The swamp drake roars!
You hit the eleionoma. You burn the eleionoma.
The eleionoma is almost dead.
The eleionoma hurls a spray of splinters at you.
The spray of wooden splinters misses you.
You hit the eleionoma but do no damage. You burn the eleionoma.
The eleionoma is almost dead.
The eleionoma hurls a spray of splinters at you.
The spray of wooden splinters hits you!!
* * * LOW HITPOINT WARNING * * *
Your magical contamination has completely faded away.
You hit the eleionoma. You burn the eleionoma.
The eleionoma is almost dead.
You block the eleionoma's attack.
The eleionoma hurls a spray of splinters at you.
The spray of wooden splinters hits you!!
You die...

~.♣♣♣♣
♣~♣♣♣♣~~.~~......#
~♣♣
♣♣♣.♣......~.....#
♣♣ .......~†.~.~..#
♣..~~~..~~.~...#
♣♣♣.♣~...♣.......
♣♣...♣♣....R.#....
♣♣.~~....###.....#.
♣♣.~..~†R$..#..##..
♣♣.~.~.†@..###[?#
♣~...~~..~.......
.§~~....~..k~~.~
.§~.......†..§..
..~.~.~~~~..~...
...~~.~...§.~...
~......~~....§$[~
~.~~..~.....~..~
~.....~.~~..~~~


You could see an eleionoma and a swamp drake.

Vanquished Creatures
  A fenstrider witch (Swamp:1)
  Aizul (Swamp:2)
  Louise (D:14)
  A dire elephant (Lair:5)
  Azrael (D:14)
  A bunyip (Swamp:3)
  A minotaur (Gauntlet)
  Josephine (Lair:4)
  4 hydras
  A vault guard (D:13)
  4 centaur warriors
  A tengu warrior (D:14)
  3 boulder beetles
  A catoblepas (Lair:5)
  A dancing weapon (Volcano)
  A deep troll shaman (Lair:5)
  3 two-headed ogres
  9 death yaks
  2 alligators (Swamp:2)
  2 skysharks
  Amaemon (D:11)
  Sonja (D:10)
  A fire crab (shapeshifter) (D:14)
  4 goliath frogs
  2 spriggan druids (Swamp:2)
  4 swamp dragons
  A large abomination (Abyss:2)
  7 wizards
  Pikel (D:9)
  4 bog bodies
  A deep elf archer (D:13)
  A deep elf zephyrmancer (Orc:1)
  2 necromancers (D:13)
  4 orc knights (Orc:2)
  A deep elf pyromancer (Orc:1)
  4 manticores
  7 ugly things
  5 cyclopes
  A will-o-the-wisp (Swamp:3)
  12 elephants
  5 toenail golems (Volcano)
  Maurice (D:9)
  A black mamba (Lair:3)
  A gargoyle (D:12)
  6 cane toads
  An orange demon (D:11)
  A rime drake (Lair:5)
  An unseen horror (D:11)
  6 komodo dragons
  4 tengu conjurers (D:14)
  An ice devil (Gauntlet)
  3 trolls
  7 tyrant leeches
  2 polar bears (Lair:5)
  A bloated husk (Swamp:2)
  6 hornets
  10 blink frogs
  2 raiju (Gauntlet)
  5 dream sheep (Lair:5)
  3 jumping spiders (Lair:3)
  A slime creature (Lair:4)
  A vampire (D:12)
  A ynoxinul (Abyss:2)
  5 spriggans
  A spriggan (shapeshifter) (D:13)
  2 shadows
  4 wraiths (Lair:4)
  A yak (shapeshifter) (D:13)
  50 yaks
  A centaur simulacrum (D:14)
  3 wyverns
  2 fire elementals (D:14)
  20 humans (D:13)
  A basilisk (D:8)
  A redback (Lair:3)
  10 vampire mosquitoes
  8 wargs (Orc:2)
  A steam dragon (D:8)
  A small abomination (Abyss:2)
  12 swamp worms
  An acid dragon (D:11)
  12 water moccasins
  2 hell hounds (D:14)
  22 orc warriors
  2 sky beasts
  2 swamp drakes
  An ice beast (D:5)
  2 black bears (D:7)
  5 ogres
  14 centaurs
  19 wolves
  4 lemures (D:9)
  A phantom (D:6)
  2 kobold brigands
  12 bullfrogs
  3 gnoll sergeants
  2 scorpions
  3 water moccasin zombies (Ossuary)
  5 wights
  An electric eel (Lair:2)
  2 howler monkeys
  2 centaur zombies (Ossuary)
  A crimson imp (Orc:1)
  A bullfrog zombie (Ossuary)
  4 jellies
  A human zombie (Ossuary)
  3 hounds
  Crazy Yiuf (D:4)
  12 orc priests
  An iron imp (Orc:1)
  Jessica (D:2)
  7 iguanas
  Natasha (thrice) (D:3)
  15 orc wizards
  7 hell rats (Lair:5)
  2 scorpion zombies (Ossuary)
  An ogre zombie (Ossuary)
  13 adders
  18 gnolls
  A river rat (D:6)
  3 shadow imps
  7 white imps
  An ufetubus (D:4)
  3 adder zombies (Ossuary)
  A worm (D:4)
  A dart slug (D:3)
  73 orcs
  13 ball pythons
  9 endoplasms
  9 giant cockroaches
  5 gnoll zombies (Ossuary)
  2 hobgoblins
  11 quokkas
  A bat (D:3)
  9 frilled lizards
  6 goblins
  3 goblin zombies (Ossuary)
  5 hobgoblin zombies (Ossuary)
  12 kobolds
  3 orc zombies (Ossuary)
  11 rats
  A bush (Lair:5)
697 creatures vanquished.

Vanquished Creatures (collateral kills)
  12 foxfires
12 creatures vanquished.

Vanquished Creatures (others)
  A bloated husk (Swamp:1)
  2 bushes (D:8)
  1661 foxfires
  22 fungi
  71 plants
  9 starspawn tentacles (Abyss:2)
1766 creatures vanquished.

Grand Total: 2475 creatures vanquished

Notes
Turn   | Place    | Note
-------+----------+-------------------------------------------
     0 | D:1      | bobo the Human Fire Elementalist began the quest for the
                  | Orb.
     0 | D:1      | Reached XP level 1. HP: 13/13 MP: 3/3
   219 | D:1      | Reached XP level 2. HP: 19/19 MP: 0/5
   523 | D:1      | Learned a level 2 spell: Scorch
   739 | D:1      | Reached XP level 3. HP: 24/24 MP: 2/6
   743 | D:1      | Learned a level 3 spell: Inner Flame
  1759 | D:2      | Reached XP level 4. HP: 30/30 MP: 2/7
  2008 | D:2      | Noticed Jessica
  2018 | D:2      | Killed Jessica
  2171 | D:2      | Reached XP level 5. HP: 35/35 MP: 6/9
  2334 | D:3      | Noticed Natasha
  2342 | D:3      | Killed Natasha
  2424 | D:3      | Noticed Natasha
  2425 | D:3      | Reached skill level 1 in Hexes
  2430 | D:3      | Killed Natasha
  2545 | D:3      | Learned a level 4 spell: Flame Wave
  2552 | D:3      | Noticed Natasha
  2561 | D:3      | Killed Natasha
  2562 | D:3      | Reached XP level 6. HP: 31/41 MP: 2/10
  2839 | D:3      | Found an ornate altar of the Wu Jian Council.
  3472 | D:4      | Found a runed translucent door.
  3473 | D:4      | Noticed Crazy Yiuf
  4303 | D:4      | Killed Crazy Yiuf
  4402 | D:5      | Entered Level 5 of the Dungeon
  4520 | D:5      | Reached XP level 7. HP: 35/46 MP: 3/12
  4764 | D:5      | Identified the +8 plate armour of Hadjma {Dex+3}
  4807 | D:5      | Reached skill level 1 in Fighting
  5027 | D:5      | Found an iron altar of Okawaru.
  5032 | D:5      | Reached skill level 5 in Fire Magic
  5246 | D:5      | Reached skill level 2 in Fighting
  5380 | D:5      | Reached XP level 8. HP: 56/56 MP: 8/14
  5818 | D:5      | Found a shimmering altar of Xom.
  6164 | D:5      | Found a staircase to the Ecumenical Temple.
  6173 | Temple   | Entered the Ecumenical Temple
  6558 | D:5      | Found a radiant altar of Vehumet.
  6566 | D:5      | Became a worshipper of Vehumet
  6710 | D:6      | Identified a scroll of acquirement
  6710 | D:6      | Acquired a staff of fire
  6734 | D:6      | Reached skill level 3 in Fighting
  6980 | D:6      | Found a hide-covered altar of Uskayaw.
  6980 | D:6      | Noticed a +0 dagger
  6980 | D:6      | Noticed a +0 dagger
  6981 | D:6      | Noticed a +0 spear
  6981 | D:6      | Noticed a +0 short sword
  6982 | D:6      | Noticed a +0 short sword
  6983 | D:6      | Noticed a +0 falchion
  6984 | D:6      | Noticed a +0 spear
  7075 | D:6      | Found a glowing drain.
  7083 | Sewer    | Entered a sewer
  7271 | Sewer    | Reached skill level 1 in Staves
  7348 | Sewer    | Reached skill level 1 in Evocations
  7500 | D:6      | Reached * piety under Vehumet
  7500 | D:6      | Offered knowledge of Magic Dart by Vehumet.
  7501 | D:6      | Reached skill level 5 in Spellcasting
  7502 | D:6      | Reached XP level 9. HP: 62/64 MP: 6/16
  7917 | D:6      | Found a basalt altar of Yredelemnul.
  7918 | D:6      | Found a glowing silver altar of Zin.
  7965 | D:6      | Noticed a +0 falchion
  8075 | D:6      | Learned a level 2 spell: Passwall
  8133 | D:7      | Found a bloodstained altar of Trog.
  8139 | D:7      | Reached skill level 4 in Fighting
  8263 | D:7      | Found a sand-covered staircase.
  8272 | Ossuary  | Entered an ossuary
  8277 | Ossuary  | Learned a level 3 spell: Stone Arrow
  8596 | Ossuary  | Offered knowledge of Searing Ray by Vehumet.
  8597 | Ossuary  | Reached skill level 5 in Conjurations
  8695 | Ossuary  | Reached ** piety under Vehumet
  8696 | Ossuary  | Reached skill level 1 in Earth Magic
  8908 | Ossuary  | Noticed a silent spectre
  9572 | D:7      | Found a blossoming altar of Fedhas.
  9580 | D:7      | Reached skill level 1 in Shields
  9580 | D:7      | Reached XP level 10. HP: 73/73 MP: 13/18
  9608 | D:7      | Found a stormy altar of Qazlal.
  9638 | D:7      | Reached skill level 5 in Fighting
  9782 | D:7      | Learned a level 2 spell: Searing Ray
 10015 | D:7      | Acquired a +4 ring of protection
 10386 | D:8      | Found a shimmering blue altar of Sif Muna.
 10418 | D:8      | Found a white marble altar of Elyvilon.
 10568 | D:8      | Found a staircase to the Lair.
 10894 | D:8      | Offered knowledge of Ignite Poison by Vehumet.
 10900 | D:8      | Learned a level 3 spell: Ignite Poison
 11035 | D:8      | Found an opulent altar of Gozag.
 11035 | D:8      | Found a sparkling altar of Nemelex Xobeh.
 11321 | D:8      | Found a shadowy altar of Dithmenos.
 11361 | D:9      | Noticed Pikel
 11493 | Lair:1   | Entered Level 1 of the Lair of Beasts
 11512 | Lair:1   | Noticed a komodo dragon
 11515 | Lair:1   | Noticed a cane toad
 11523 | Lair:1   | Reached *** piety under Vehumet
 11524 | Lair:1   | Reached skill level 6 in Fighting
 11524 | Lair:1   | Reached XP level 11. HP: 81/81 MP: 17/21
 12035 | Lair:1   | Identified the +9 falchion of Fimeleidd {freeze, rN+ Int+4}
 12270 | Lair:1   | You fall into a shaft and drop 1 floor!
 12492 | Lair:2   | Noticed an elephant
 12538 | Lair:2   | Reached skill level 5 in Dodging
 13020 | Lair:2   | Offered knowledge of Frozen Ramparts by Vehumet.
 13254 | Lair:2   | Noticed an elephant
 13474 | D:8      | Reached skill level 7 in Fighting
 13671 | D:9      | Killed Pikel
 13672 | D:9      | Reached skill level 5 in Shields
 13685 | D:9      | Gained mutation: You occasionally lose the ability to read
                  | scrolls when taking damage. [potion of mutation]
 13685 | D:9      | Gained mutation: Your spells are a little easier to cast,
                  | but a little less powerful. [potion of mutation]
 13686 | D:9      | Lost mutation: You occasionally lose the ability to read
                  | scrolls when taking damage. [potion of mutation]
 13686 | D:9      | Lost mutation: Your spells are a little easier to cast, but
                  | a little less powerful. [potion of mutation]
 13686 | D:9      | Gained mutation: You are partially covered in large bone
                  | plates. (SH +4) [potion of mutation]
 13686 | D:9      | Gained mutation: You have a somewhat thin skeletal
                  | structure. (Dex +2, Stealth+) [potion of mutation]
 13819 | D:9      | Reached XP level 12. HP: 77/91 MP: 14/23
 14011 | D:9      | Noticed Maurice
 14022 | D:9      | Killed Maurice
 14412 | D:10     | Entered Level 10 of the Dungeon
 14412 | D:10     | Found a portal to a secret trove of treasure.
 14416 | D:10     | Reached **** piety under Vehumet
 14418 | D:10     | Offered knowledge of Sticky Flame by Vehumet.
 14424 | D:10     | Learned a level 4 spell: Sticky Flame
 14464 | D:10     | Found a glowing golden altar of the Shining One.
 14550 | D:10     | Noticed Sonja
 14561 | D:10     | Killed Sonja
 15473 | D:11     | Found a staircase to the Orcish Mines.
 15478 | D:11     | Found a gate leading to a gauntlet.
 15503 | Gauntlet | Entered a Gauntlet
 15503 | Gauntlet | Found a transporter.
 15503 | Gauntlet | Found a transporter.
 15503 | Gauntlet | Found a transporter.
 15503 | Gauntlet | Found a transporter.
 15568 | Gauntlet | Found a transporter.
 15568 | Gauntlet | Found a transporter.
 15576 | Gauntlet | Noticed a catoblepas
 15578 | Gauntlet | Found a transporter.
 15582 | Gauntlet | Found a transporter.
 15585 | Gauntlet | Noticed a green death
 15592 | Gauntlet | Found a transporter.
 15598 | Gauntlet | Noticed a hell hog
 15694 | Gauntlet | Found a transporter.
 15698 | Gauntlet | Found a transporter.
 15710 | Gauntlet | Found a transporter.
 16265 | Gauntlet | Identified the +10 long sword "Ogreslayer" {speed, rPois}
 16265 | Gauntlet | Noticed a minotaur
 16283 | Gauntlet | Killed a minotaur
 16284 | Gauntlet | Reached skill level 8 in Fighting
 16290 | Gauntlet | Identified the +10 falchion "Hell-Harrower" {freeze, Drain
                  | rF+ Will- Str+2 Dex+3}
 16290 | Gauntlet | Identified the ring of Vunnuasi {Fire Str+5}
 16615 | D:11     | Noticed a two-headed ogre
 16622 | D:11     | Killed a two-headed ogre
 16848 | D:11     | Noticed Amaemon
 17064 | D:11     | Killed Amaemon
 17067 | D:11     | Reached XP level 13. HP: 99/99 MP: 1/25
 18246 | D:12     | Found a large runed translucent door.
 18251 | D:12     | Found a large runed translucent door.
 18282 | D:12     | Reached skill level 9 in Fighting
 18284 | D:12     | Reached ***** piety under Vehumet
 18284 | D:12     | Offered knowledge of Iskenderun's Battlesphere by Vehumet.
 18585 | D:12     | Learned a level 5 spell: Iskenderun's Battlesphere
 18588 | D:13     | Noticed a centaur warrior
 18597 | D:13     | Killed a centaur warrior
 18802 | D:13     | Noticed a centaur warrior
 18810 | D:13     | Killed a centaur warrior
 18980 | D:13     | Noticed a centaur warrior
 19011 | D:13     | Killed a centaur warrior
 19343 | D:13     | Reached skill level 10 in Conjurations
 19365 | D:13     | Noticed a vault guard
 19367 | Abyss:2  | Cast into level 2 of the Abyss (a wizard)
 19393 | Abyss:2  | Found a corrupted altar of Lugonu.
 19425 | Abyss:2  | Noticed a yellow draconian annihilator
 19441 | Abyss:2  | Noticed a tentacled starspawn
 19549 | Abyss:2  | Reached skill level 10 in Fighting
 19717 | Abyss:2  | Noticed a red draconian
 19729 | Abyss:2  | Noticed a lich
 19742 | Abyss:2  | Noticed a bone dragon
 19748 | Abyss:2  | Found a corrupted altar of Lugonu.
 19791 | Abyss:2  | Noticed a starcursed mass
 19795 | Abyss:2  | Noticed a yellow draconian annihilator
 19854 | Abyss:2  | Noticed a kraken
 19863 | D:13     | Escaped the Abyss
 19863 | D:13     | Identified the +1 dagger "Xykhle Syli" {antimagic, rC+
                  | Will++ Str-4 Stlth+}
 19877 | D:13     | Reached skill level 10 in Spellcasting
 20303 | Lair:3   | Reached skill level 10 in Fire Magic
 20335 | Lair:3   | Found a dark tunnel.
 20336 | Volcano  | Entered a volcano
 20398 | Volcano  | Reached XP level 14. HP: 110/110 MP: 22/28
 20552 | Volcano  | Reached skill level 5 in Stealth
 20552 | Volcano  | Reached skill level 5 in Earth Magic
 21122 | Lair:3   | Learned a level 2 spell: Blink
 21292 | Lair:2   | Reached skill level 1 in Translocations
 21437 | Lair:3   | Offered knowledge of Freezing Cloud by Vehumet.
 21486 | Lair:3   | Found a hole to the Spider Nest.
 21666 | Lair:3   | Reached skill level 5 in Evocations
 21784 | Lair:3   | Found a staircase to the Swamp.
 22065 | Lair:3   | Reached skill level 11 in Fighting
 22870 | Lair:4   | Found a staircase to the Slime Pits.
 23270 | Lair:4   | Noticed Josephine
 23470 | Lair:4   | Killed Josephine
 23937 | Lair:5   | Entered Level 5 of the Lair of Beasts
 24149 | Orc:1    | Entered Level 1 of the Orcish Mines
 24163 | Orc:1    | Offered knowledge of Irradiate by Vehumet.
 24175 | Orc:1    | Learned a level 5 spell: Irradiate
 24309 | Orc:1    | Reached XP level 15. HP: 119/119 MP: 16/29
 24723 | Orc:2    | Entered Level 2 of the Orcish Mines
 25349 | Orc:2    | Found Dothito's Distillery.
 25349 | Orc:2    | Found Siug's Antique Weapon Boutique.
 25493 | Orc:2    | Bought a potion of curing for 45 gold pieces
 25493 | Orc:2    | Bought a potion of curing for 45 gold pieces
 26166 | D:13     | Found a gate to the Vaults.
 26321 | D:14     | Noticed Louise
 26336 | D:14     | Killed Louise
 26660 | D:14     | Found Xitsur's Jewellery Boutique.
 27046 | D:14     | Offered knowledge of Starburst by Vehumet.
 27047 | D:14     | Noticed Azrael
 27066 | D:14     | Reached skill level 12 in Fighting
 27079 | D:14     | Killed Azrael
 27780 | D:15     | Entered Level 15 of the Dungeon
 29031 | Lair:5   | Reached XP level 16. HP: 61/129 MP: 1/31
 29348 | Lair:5   | Found the +7 sceptre of Torment {pain, torment}
 29376 | Lair:5   | Identified the +1 ice dragon scales of Anle {rPois rF- rC++
                  | rN++}
 30023 | Swamp:1  | Entered Level 1 of the Swamp
 30062 | Swamp:1  | Noticed a fenstrider witch
 30092 | Swamp:1  | Killed a fenstrider witch
 30318 | Swamp:1  | Reached skill level 10 in Stealth
 30504 | Swamp:1  | Learned a level 3 spell: Mephitic Cloud
 30509 | Swamp:1  | Learned a level 3 spell: Ignite Poison
 31167 | Swamp:2  | Noticed Aizul
 31176 | Swamp:2  | Killed Aizul
 31340 | Swamp:2  | Reached skill level 13 in Fighting
 32364 | Swamp:3  | Killed from afar by an eleionoma

Illustrated notes

Levels and vault maps discovered:
D:1:      nzn_arrival_depleted_hourglass, layout_loops_ring,
          palyth_stone_intersect
D:2:      layout_basic, chequers_serial_rivers_micro_d, uniq_jessica
D:3:      layout_rooms, mainiacjoe_overflow_catwalk, uniq_natasha
D:4:      layout_loops_corners, uniq_crazy_yiuf_cottage
D:5:      layout_loops_corners, okawaru_ov_weapons_minmay, vehumet_crystals,
          tgw_xom, temple_fountains
D:6:      layout_rooms, nicolae_uskayaw_en_pointe,
          mainiacjoe_overflow_divided_tiny, portal_sewer_entry_b
D:7:      layout_loops_corners, grunt_temple_overflow_forces_of_nature,
          trog_ov_bears_minmay, nicolae_ossuary_entry_monument
D:8:      layout_rooms, grunt_temple_overflow_opulence, elyvilon_altar_1,
          mainiacjoe_overflow_six_doors_small, nicolae_sif_muna_condensation,
          minmay_lair_entry_grove
D:9:      layout_rooms, uniq_maurice, uniq_pikel
D:10:     layout_roguey, tso_metal_star, enter_trove_0, uniq_sonja
D:11:     layout_basic, orc_0_dummy, gauntlet_entry_generic, uniq_amaemon
D:12:     layout_irregular_city, lightli_elemental_guards
D:13:     layout_big_octagon, grunt_vaults_entry_tiered
D:14:     layout_loops_ring, serial_shops, nicolae_shop_crystal,
          infiniplex_staircase_pillars_3b, st_stairs_2, due_unseen_surprise,
          uniq_louise, uniq_azrael
D:15:     grunt_enter_depths_magical_seal, layout_basic, serial_shops,
          nicolae_shop_advertising_works [nicolae_subvault_shop_adworks]
Temple:   nicolae_temple_bog_church
Lair:1:   layout_small_grid, serial_bayou_shore_b, grunt_megastairs_4
Lair:2:   layout_cave_pods, serial_bayou, serial_bayou_pond_d,
          serial_bayou_lagoon_a, serial_bayou_shore_b, serial_bayou_shore_a,
          minivault_19
Lair:3:   layout_misc_corridors, skrybe_swamp_entry_bodies,
          spider_nest_entry_funnel_web, lightli_volcano_entry_magma_tube,
          grunt_megastairs_3, lemuel_fruit_fields, infiniplex_staircase_pool_2
Lair:4:   layout_cave_pods, minmay_slime_entry_pillars, serial_bayou_shore_b,
          uniq_josephine
Lair:5:   grunt_lair_end_beastmaster, layout_small_grid
Swamp:1:  layout_falls_marsh, evilmike_swamp_ruin_house_4,
          infiniplex_staircase_pool
Swamp:2:  layout_falls_marsh, evilmike_swamp_ruin_rubble_1, swamp_pool1,
          uniq_aizul
Swamp:3:  layout_falls_marsh, evilmike_swamp_ruin_rubble_2
Orc:1:    layout_caves, biasface_ghost_orc_armoury, hangedman_minor_magic
Orc:2:    st_orc_town, layout_caves, basic_altar

Skill      XL: |  1  2  3  4  5  6  7  8  9 10 11 12 13 14 15 16 |
---------------+-------------------------------------------------+-----
Conjurations   | 2 3 4 5 6 7 8 10 11 12 | 12.1
Stealth        | 3 4 7 9 10 | 10.7
Spellcasting   | 3 4 5 6 7 8 10 11 | 11.8
Hexes          | 1 2 |  2.0
Fire Magic     | 4 5 6 7 8 10 | 10.0
Fighting       | 2 3 4 6 7 8 10 11 12 13 | 13.2
Staves         | 1 2 |  2.5
Evocations     | 1 3 6 |  6.1
Earth Magic    | 2 4 5 |  5.5
Shields        | 1 3 5 6 |  6.1
Dodging        | 4 5 6 |  6.5
Translocations | 4 |  4.0

Action                     |  1- 3 |  4- 6 |  7- 9 | 10-12 | 13-15 | 16-18 || total
---------------------------+-------+-------+-------+-------+-------+-------++-------
  Melee: Spear             |    11 |       |       |       |       |       ||    11
         Short sword       |     9 |    16 |     8 |       |       |       ||    33
         Staff             |       |       |     9 |    29 |    76 |    26 ||   140
         Long sword        |       |       |       |       |    18 |       ||    18
   Cast: Foxfire           |    40 |    73 |   205 |   191 |   339 |   105 ||   953
         Scorch            |    11 |    25 |    69 |    81 |   132 |    24 ||   342
         Inner Flame       |       |     1 |     6 |    20 |    36 |     4 ||    67
         Flame Wave        |       |       |     3 |    18 |    33 |    12 ||    66
         Stone Arrow       |       |       |     2 |    49 |    98 |    10 ||   159
         Passwall          |       |       |       |     5 |    11 |     1 ||    17
         Searing Ray       |       |       |       |     1 |    11 |       ||    12
         Sticky Flame      |       |       |       |     7 |    54 |    14 ||    75
         Iskenderun's Batt |       |       |       |       |    42 |    19 ||    61
         Ignite Poison     |       |       |       |       |     1 |     9 ||    10
         Irradiate         |       |       |       |       |     2 |     8 ||    10
         Mephitic Cloud    |       |       |       |       |       |     6 ||     6
         Blink             |       |       |       |       |       |     2 ||     2
    Use: Scroll            |       |     5 |     6 |    22 |    15 |     4 ||    52
         Potion            |       |     1 |       |     7 |     6 |     3 ||    17
   Stab: Sleeping          |       |       |     1 |       |     1 |       ||     2
 Armour: Robe              |     6 |     2 |    21 |    30 |    49 |    13 ||   121
         Troll leather arm |       |       |       |       |    24 |       ||    24
  Dodge: Dodged            |    15 |    10 |    49 |    60 |   160 |    13 ||   307
  Block: Buckler           |       |       |     1 |     2 |       |       ||     3
         Kite shield       |       |       |       |    92 |   396 |    63 ||   551
         Reflection        |       |       |       |       |     3 |     5 ||     8

Table legend: (Time is in decaauts)
 A = Elapsed time spent in this place.
 B = Non-inter-level travel time spent in this place.
 C = Inter-level travel time spent in this place.
 D = Time resting spent in this place.
 E = Time spent auto-exploring this place.
 F = Levels seen in this place.
 G = Mean time per level.
                   A        B        C        D        E       F      G
               +--------+--------+--------+--------+--------+-----+--------+
         Total |  32602 |  31093 |   1509 |   4788 |  19810 |  31 | 1051.7 |
       Dungeon |  17814 |  16766 |   1048 |   1403 |  12481 |  15 | 1187.6 |
        Temple |    207 |    207 |      0 |      0 |    175 |   1 |  207.0 |
          Lair |   7218 |   6824 |    394 |   1293 |   4189 |   5 | 1443.6 |
         Swamp |   2413 |   2391 |     22 |    320 |   1678 |   3 |  804.3 |
  Orcish Mines |   1670 |   1626 |     44 |    657 |    601 |   2 |  835.0 |
         Abyss |    506 |    506 |      0 |     32 |      0 |   1 |  506.0 |
         Sewer |    427 |    427 |      0 |     72 |    185 |   1 |  427.0 |
       Ossuary |    685 |    685 |      0 |    338 |     75 |   1 |  685.0 |
       Volcano |    646 |    646 |      0 |    185 |    220 |   1 |  646.0 |
      Gauntlet |   1012 |   1012 |      0 |    488 |    205 |   1 | 1012.0 |
               +--------+--------+--------+--------+--------+-----+--------+

Top non-repeatable levels by time:
     D:5: 2109 daAuts
  Lair:5: 1884 daAuts
  Lair:3: 1705 daAuts
    D:14: 1560 daAuts
     D:8: 1465 daAuts
     D:7: 1457 daAuts
  Lair:2: 1426 daAuts
    D:12: 1398 daAuts
     D:4: 1336 daAuts
     D:1: 1276 daAuts
    D:11: 1258 daAuts
  Lair:4: 1206 daAuts
    D:13: 1201 daAuts
   Orc:1: 1131 daAuts
 Swamp:2: 1108 daAuts
